 Dungeon Crawl Stone Soup version 0.29.0-15-g675c0067aa (webtiles) character file.

Game seed: 4326893831053981694

18 experimilk the Stinger (level 2, -5/20 HPs)
             Began as a Draconian Venom Mage on Sept 11, 2022.
             Slain by Sigmund
             ... wielding a +0 scythe
              (10 damage)
             ... on level 2 of the Dungeon.
             The game lasted 00:04:56 (1412 turns).

experimilk the Stinger (Draconian Venom Mage)       Turns: 1412, Time: 00:04:57

Health: -5/20      AC:  4    Str: 10    XL:     2   Next: 48%
Magic:  1/5        EV: 12    Int: 15    God:
Gold:   39         SH:  0    Dex: 11    Spells: 1/5 levels left

rFire   . . .      SeeInvis .   f - staff of poison
rCold   . . .      Faith    .   (no shield)
rNeg    . . .      Spirit   .   (body armour unavailable)
rPois   +          Reflect  .   (helmet restricted)
rElec   .          Harm     .   (no cloak)
rCorr   .          Rampage  .   (no gloves)
Will    .....                   (no boots)
Stlth   ++........              (no amulet)
HPRegen 0.06/turn               (no ring)
MPRegen 0.09/turn               (no ring)

@: about to teleport
A: AC +4, unfitting armour, cold-blooded
a: no special abilities


You were on level 2 of the Dungeon.
You visited 1 branch of the dungeon, and saw 2 of its levels.

You collected 39 gold pieces.

Inventory:

Hand Weapons
 b - a +0 dagger
Magical Staves
 f - a staff of poison (weapon)
Scrolls
 c - a scroll of identify
 g - a scroll of blinking {unknown}
Potions
 a - a potion of magic
 d - a potion of brilliance
 h - a potion of cancellation {unknown}
 i - a potion of attraction {unknown}


   Skills:
 + Level 0.1 Staves
 - Level 1.7 Dodging
 - Level 1.7 Stealth
 + Level 2.0 Spellcasting
 - Level 1.0 Transmutations
 * Level 3.9 Poison Magic


You had one spell level left.
You knew the following spells:

 Your Spells              Type           Power      Damage    Failure   Level
a - Sting                 Tmut/Pois      52%        1d5       9%          1
b - Poisonous Vapours     Pois/Air       22%        N/A       16%         2
c - Slow                  Hex            4%         N/A       22%         1

Your spell library contained the following spells:

 Spells                   Type           Power      Damage    Failure   Level
 Mephitic Cloud           Conj/Pois/Air  8%         N/A       36%         3
 Olgreb's Toxic Radiance  Pois           19%        N/A       41%         4
 Confusing Touch          Hex            1%         N/A       54%         3
 Vampiric Draining        Necr           1%         2d6       54%         3


Dungeon Overview and Level Annotations

Branches:
Dungeon (2/15)

Altars:

Annotations:
D:2 1 runed translucent door, Crazy Yiuf, Sigmund


Innate Abilities, Weirdness & Mutations

Your plain brown scales are hard. (AC +4)
You cannot fit into any form of body armour.
You are cold-blooded and may be slowed by cold attacks.


Message History

Aiming: Sting (safe; 9% risk of failure)
Press: ? - help, Shift-Dir - straight line, f/p - Sigmund
Aim: Sigmund, wielding a +0 scythe and wearing a +0 robe (lightly wounded, poisoned, 68% to hit)
You feel a surge of power!
The sting hits Sigmund.
Sigmund looks even sicker.
Sigmund is lightly wounded.
Casting: Sting (safe; 9% risk of failure)
Confirm with . or Enter, or press ? or * to list all spells.
Aiming: Poisonous Vapours (safe; 16% risk of failure)
Press: ? - help, Dir - move target, f/p - Sigmund
Aim: Sigmund, wielding a +0 scythe and wearing a +0 robe (lightly wounded, very poisoned)
You feel a surge of power!
Poisonous vapours surround Sigmund!
Sigmund looks even sicker.
Sigmund closely misses you.
Unknown command.
Casting: Poisonous Vapours (safe; 16% risk of failure)
Confirm with . or Enter, or press ? or * to list all spells.
You don't have enough magic to cast this spell.
Unknown command.
Sigmund points at you and mumbles some strange words.
You resist with significant effort.
You closely miss Sigmund.
Your tail-slap misses Sigmund.
Sigmund is moderately wounded.
Sigmund hits you with a +0 scythe.
You hit Sigmund but do no damage.
Your tail-slap misses Sigmund.
Sigmund is moderately wounded.
Sigmund hits you with a +0 scythe!
Ouch! That really hurt!
* * * LOW HITPOINT WARNING * * *
You closely miss Sigmund. You tail-slap Sigmund.
Sigmund is severely wounded.
You barely miss Sigmund.
Your tail-slap misses Sigmund.
Sigmund is severely wounded.
Sigmund closely misses you.
As you read the scroll of teleportation, it crumbles to dust.
You feel strangely unstable.
Sigmund says, "Don't worry, I'll kill you fast."
Sigmund closely misses you.
Sigmund says, "Don't worry, I'll kill you fast."
Sigmund hits you from afar with a +0 scythe!
Ouch! That really hurt!
You die...

#.#.# #.# ##############.###
#.#.#####.# #.................
#.#.......###.############<##.
#.#...........# #.#
####.##.########## #.#
........# #.. .....##.#
########## ### #######.#
#..@...... #######.##
#@#####.## #........# #.#
.#.####..## #.#
#.#.###...######.#
.#.#..........##.#
###.###.....#.##.# #
##..........##.#
###.###..........# .#.##
##...##.####


You could see Sigmund (very poisoned).

Vanquished Creatures
  3 ball pythons
  An endoplasm (D:1)
  2 goblins (D:1)
  2 hobgoblins (D:1)
  2 kobolds (D:1)
  4 bats
  A frilled lizard (D:1)
  2 rats (D:1)
17 creatures vanquished.

Notes
Turn   | Place    | Note
-------+----------+-------------------------------------------
     0 | D:1      | experimilk the Draconian Venom Mage began the quest for the
                  | Orb.
     0 | D:1      | Reached XP level 1. HP: 14/14 MP: 3/3
     0 | D:1      | Noticed a vine stalker
     0 | D:1      | Noticed a minotaur
     0 | D:1      | Noticed a demigod
     6 | D:1      | Noticed a demigod
     6 | D:1      | Noticed a demigod
    11 | D:1      | Noticed a naga
    13 | D:1      | Noticed a demonspawn
    13 | D:1      | Noticed a spriggan
    16 | D:1      | Noticed an octopode
    16 | D:1      | Noticed a felid
    18 | D:1      | Noticed a gargoyle
    22 | D:1      | Noticed a draconian
    25 | D:1      | Noticed a demonspawn
   451 | D:1      | Reached XP level 2. HP: 20/20 MP: 0/5
   948 | D:1      | Learned a level 2 spell: Poisonous Vapours
  1037 | D:2      | Identified a scroll of acquirement
  1038 | D:2      | Acquired a staff of poison
  1112 | D:2      | Learned a level 1 spell: Slow
  1201 | D:2      | Found a faded altar of an unknown god.
  1357 | D:2      | Found a runed translucent door.
  1358 | D:2      | Noticed Crazy Yiuf
  1402 | D:2      | Noticed Sigmund
  1412 | D:2      | Slain by Sigmund

Illustrated notes

Levels and vault maps discovered:
D:1:      shiori_arrival_whats_in_store_for_you, layout_basic
D:2:      layout_loops_ring, dreamdust_ecumenical_altar_angels_and_demons,
          uniq_sigmund, uniq_crazy_yiuf_cottage

Action                   || total
-------------------------++-------
Melee: Dagger            ||    17
       Staff             ||     5
       Tailslap          ||     1
 Cast: Sting             ||    34
       Poisonous Vapours ||     4
  Use: Scroll            ||     5
Armor: Skin              ||    10
Dodge: Dodged            ||    21
